 Dungeon Crawl Stone Soup version 0.18.1-50-g88ac8fd (webtiles) character file.

42 raph the Firebug (level 3, 0/26 HPs)
             Began as a Hill Orc Fire Elementalist on Oct 1, 2016.
             Was an Initiate of Vehumet.
             Slain by an orc wizard
             ... wielding a cursed -3 dagger
              (2 damage)
             ... on level 3 of the Dungeon.
             The game lasted 00:03:55 (1920 turns).

raph the Firebug (Hill Orc Fire Elementalist)       Turns: 1920, Time: 00:03:56

Health: 0/26       AC:  2    Str: 10    XL:     3   Next: 56%
Magic:  2/6        EV: 12    Int: 16    God:    Vehumet [......]
Gold:   178        SH:  0    Dex: 11    Spells: 2 memorised, 3 levels left

rFire  . . .     SeeInvis .     o - +0 hand axe
rCold  . . .     Gourm    .     a - +0 robe
rNeg   . . .     Faith    .     (no shield)
rPois  .         Spirit   .     (no helmet)
rElec  .         Dismiss  .     (no cloak)
rCorr  .         Reflect  .     (no gloves)
SustAt .         Harm     .     (no boots)
MR     .....                    (no amulet)
Stlth  ++........               (no ring)
                                (no ring)

@: very slightly contaminated, not resistant to hostile enchantments, unstealthy
A: no striking features
a: Renounce Religion


You were on level 3 of the Dungeon.
You worshipped Vehumet.
Vehumet was noncommittal.
You were hungry.

You visited 1 branch of the dungeon, and saw 3 of its levels.

You collected 178 gold pieces.

Inventory:

Hand Weapons
 o - a +0 hand axe (weapon)
Armour
 a - a +0 robe (worn)
Jewellery
 m - a +4 ring of intelligence {unknown}
Scrolls
 d - a scroll of enchant armour {unknown}
 f - a scroll of noise {unknown}
 h - a scroll of magic mapping {unknown}
 i - 5 scrolls of identify {unknown}
 l - a scroll of blinking {unknown}
Potions
 k - a potion of flight
Books
 b - a book of Flames

   Spells                             Type                      Level
   a - Flame Tongue                   Conjuration/Fire             1
   b - Throw Flame                    Conjuration/Fire             2
   c - Conjure Flame                  Conjuration/Fire             3
   d - Inner Flame                    Hexes/Fire                   3
   e - Sticky Flame                   Conjuration/Fire             4
   f - Fireball                       Conjuration/Fire             5
 q - Sif Muna's Disquisition on Execration
   (You found it on level 2 of the Dungeon)

   Spells                             Type                      Level
   a - Corona                         Hexes                        1
Comestibles
 c - 2 bread rations
 g - 6 fruits
 p - a slice of pizza


   Skills:
 + Level 1.9 Dodging
 + Level 1.7 Stealth
 + Level 2.0 Spellcasting
 * Level 1.9 Conjurations
 + Level 3.7 Fire Magic


You had 3 spell levels left.
You knew the following spells:

 Your Spells              Type           Power        Failure   Level  Hunger
a - Flame Tongue          Conj/Fire      ##...        10%         1    #......
b - Throw Flame           Conj/Fire      ##....       12%         2    ###....


Dungeon Overview and Level Annotations

Branches:
Dungeon (3/15)

Altars:
Cheibriados
Kikubaaqudgha
Makhleb
Sif Muna
Vehumet


Message History

The flame tongue hits something.
You are feeling hungry.
Something hits you but does no damage.
Casting: Flame Tongue
Confirm with . or Enter, or press ? or * to list all spells.
Aiming: Flame Tongue
Press: ? - help, Shift-Dir - straight line, f - orc, p - orc
Aim: an orc, wielding a flail You miscast Flame Tongue.
You are very lightly contaminated with residual magic.
You are momentarily dazzled by a flash of light!
Something hits you.
* * * LOW HITPOINT WARNING * * *
A giant newt comes into view.
Casting: Flame Tongue
Confirm with . or Enter, or press ? or * to list all spells.
You don't know that spell.
Unknown command.
You hit something. Something hits you.
You die... # #. ####..###### .....ooo{@.# .###.l####.# #. .# # .# .# .# .# .#

You could see 3 orcs and a giant newt.

Vanquished Creatures
  2 worms (D:2)
  A dart slug (D:2)
  An orc (D:3)
  A giant cockroach (D:1)
  5 goblins
  A hobgoblin (D:2)
  7 bats
  4 giant newts
  8 kobolds
  4 rats (D:1)
34 creatures vanquished.

Notes
Turn   | Place    | Note
--------------------------------------------------------------
     0 | D:1      | raph the Hill Orc Fire Elementalist began the quest for the Orb.
     0 | D:1      | Reached XP level 1. HP: 14/14 MP: 3/3
   393 | D:1      | Reached XP level 2. HP: 18/20 MP: 1/4
   438 | D:1      | Learned a level 2 spell: Throw Flame
  1180 | D:2      | Reached XP level 3. HP: 24/26 MP: 0/5
  1276 | D:2      | Found a snail-covered altar of Cheibriados.
  1590 | D:2      | Found a radiant altar of Vehumet.
  1594 | D:2      | Found an ancient bone altar of Kikubaaqudgha.
  1595 | D:2      | Found a deep blue altar of Sif Muna.
  1601 | D:2      | Identified Sif Muna's Disquisition on Execration
  1669 | D:2      | Found a burning altar of Makhleb.
  1843 | D:2      | Became a worshipper of Vehumet
  1894 | D:3      | HP: 1/26 [something (2)]
  1920 | D:3      | Slain by an orc wizard

Skill      XL: |  1  2  3 |
---------------+----------+-----
Spellcasting   | 2 |  2.0
Dodging        | |  1.9
Stealth        | |  1.7
Conjurations   | |  1.9
Fire Magic     | |  3.7

Action                   || total
-------------------------++-------
Melee: Unarmed           ||     6
       Mace              ||    15
       Hand axe          ||    18
 Cast: Flame Tongue      ||    53
       Throw Flame       ||     5
  Use: Potion            ||     4
  Eat: Chunk             ||     4
Armor: Robe              ||    14
Dodge: Dodged            ||    35
